 Dungeon Crawl Stone Soup version 0.20-a0-217-g17e8ceb (webtiles) character file.

156 Gorice the Bolt Thrower (level 5, -3/32 HPs)
             Began as a Kobold Arcane Marksman on Nov 28, 2016.
             Slain by an orc warrior
             ... wielding a +0 trident
              (18 damage)
             ... on level 3 of the Dungeon.
             The game lasted 00:19:36 (2592 turns).

Gorice the Bolt Thrower (Kobold Arcane Marksman)    Turns: 2592, Time: 00:19:37

Health: -3/32      AC:  2    Str:  8    XL:     5   Next: 65%
Magic:  6/6        EV: 15    Int: 15    God:
Gold:   196        SH:  0    Dex: 15    Spells: 5/6 levels left

rFire  . . .     SeeInvis .     b - +0 hand crossbow
rCold  . . .     Gourm    .     e - +0 robe
rNeg   . . .     Faith    .     (shield restricted)
rPois  .         Spirit   .     (no helmet)
rElec  .         Reflect  .     (no cloak)
rCorr  .         Harm     .     (no gloves)
MR     .....                    (no boots)
Stlth  +++.......               (no amulet)
                                (no ring)
                                (no ring)

@: no status effects
A: carnivore 3
a: no special abilities


You were on level 3 of the Dungeon.
You were very full.

You visited 1 branch of the dungeon, and saw 3 of its levels.

You collected 196 gold pieces.

Inventory:

Hand Weapons
 a - a +0 dagger of protection
   (You took it off a goblin on level 2 of the Dungeon)
 b - a +0 hand crossbow (weapon)
 j - a +0 short sword
 k - a +0 hand axe
 l - a +0 short sword
 n - a +0 dagger
 o - a +0 dagger
 r - a +0 mace
Missiles
 d - 23 bolts (quivered)
 Z - 126 stones
Armour
 e - a +0 robe (worn)
Scrolls
 m - a scroll of amnesia
 t - a scroll of immolation {unknown}
Potions
 g - a potion of curing
 h - a potion of heal wounds {!q}
 p - a potion of flight
 s - a potion of might {!q}
 u - a potion of brilliance {unknown}
Books
 c - a book of Debilitation
Comestibles
 f - 4 meat rations {!e}
 i - a beef jerky


   Skills:
 + Level 3.2 Fighting
 + Level 4.2 Crossbows
 - Level 2.4 Dodging
 + Level 3.9 Stealth
 - Level 1.1 Spellcasting
 - Level 3.0 Hexes


You had 5 spell levels left.
You knew the following spells:

 Your Spells              Type           Power        Failure   Level  Hunger
a - Corona                Hex            #......      10%         1    ##.....


Dungeon Overview and Level Annotations

Branches:
Dungeon (3/15)

Altars:
Hepliaklqana
Sif Muna

Annotations:
D:1 vpUX: fire vault (loot inc bolts)


Innate Abilities, Weirdness & Mutations

You are small and have problems with some larger weapons.
You are carnivorous and can eat meat at any time.


Message History

Casting: Corona
Confirm with . or Enter, or press ? or * to list all spells.
Aiming: Corona
Press: ? - help, Shift-Dir - straight line, f/p - sky beast
Aim: a sky beast (lightly wounded, chance to defeat MR: 44%)
The sky beast resists with significant effort.
The sky beast hits you. The sky beast shocks you.
* * * LOW HITPOINT WARNING * * *
Damage: 10 (max 10)
Casting: Corona
Confirm with . or Enter, or press ? or * to list all spells.
Aiming: Corona
Press: ? - help, Shift-Dir - straight line, f/p - sky beast
Aim: a sky beast (lightly wounded, chance to defeat MR: 44%)
The sky beast resists with significant effort.
The sky beast flickers out of sight!
Deactivating autopickup; reactivate with Ctrl-A.
Something barely misses you.
A sky beast appears from thin air!
Reactivating autopickup.
The sky beast flickers out of sight!
Deactivating autopickup; reactivate with Ctrl-A.
A kobold comes into view. It is wielding a dagger.
The kobold shouts!
The kobold throws a stone.
The stone barely misses you.
The kobold throws a stone.
The stone misses you.
The kobold throws a stone.
The stone hits you but does no damage.
You see here 2 stones.
The kobold throws a stone.
The stone closely misses you.
You see here a stone.
The kobold throws a stone.
The stone hits you but does no damage.
An orc comes into view. It is wielding a club.
You see here a stone.
A sky beast appears from thin air!
Reactivating autopickup.
An orc comes into view.
An orc warrior comes into view. It is wielding a trident.
The sky beast flickers out of sight!
Deactivating autopickup; reactivate with Ctrl-A.
The orc shouts!
The orc warrior shouts!
The orc completely misses you. The orc completely misses you.
The orc barely misses you. x2; A sky beast appears from thin air!
Reactivating autopickup.
The orc hits you with a club.
* * * LOW HITPOINT WARNING * * *
Damage: 2 (max 2)
The orc warrior hits you with a trident!!
Ouch! That really hurt!
You die...

#<#..........#
#.#..........#
#.#..........#
#.############ ######
#.# #....#########'####
#....#...........[#
#....#............#
##....#......@.....#
#............o.....#
#.....#....oo......##
#.....###...Y..........
#.....#
#....#################
#.##### #....#
#.............. #.#
#....# #.#############
#.# #....# #.# #.#
#....# #.#


You could see an orc warrior, a sky beast and 2 orcs.

Vanquished Creatures
  Natasha (D:2)
  5 adders
  3 worms
  A dart slug (D:3)
  8 leopard geckos
  An orc (D:3)
  3 giant cockroaches
  9 goblins
  5 hobgoblins
  2 jackals (D:2)
  3 ball pythons
  5 bats
  11 frilled lizards (D:3)
  9 kobolds
  6 rats
72 creatures vanquished.

Notes
Turn   | Place    | Note
-------+----------+-------------------------------------------
     0 | D:1      | Gorice the Kobold Arcane Marksman began the quest for the Orb.
     0 | D:1      | Reached XP level 1. HP: 12/12 MP: 2/2
   232 | D:1      | Reached XP level 2. HP: 11/16 MP: 3/3
   240 | D:1      | Reached skill level 1 in Stealth
   552 | D:1      | Reached skill level 3 in Crossbows
   862 | D:1      | Reached XP level 3. HP: 21/21 MP: 4/4
   983 | D:2      | Reached skill level 2 in Fighting
  1134 | D:2      | Found a deep blue altar of Sif Muna.
  1147 | D:2      | Found a hazy altar of Hepliaklqana.
  1289 | D:2      | Reached skill level 2 in Stealth
  1289 | D:2      | Reached XP level 4. HP: 26/26 MP: 3/5
  1435 | D:2      | Noticed Natasha
  1459 | D:2      | HP: 5/27 [Natasha (5)]
  1462 | D:2      | Killed Natasha
  1855 | D:3      | Reached skill level 3 in Stealth
  1892 | D:3      | Reached XP level 5. HP: 32/32 MP: 4/6
  1918 | D:3      | Reached skill level 4 in Crossbows
  2206 | D:3      | Reached skill level 3 in Fighting
  2516 | D:3      | Noticed a sky beast
  2587 | D:3      | Noticed an orc warrior
  2592 | D:3      | Slain by an orc warrior

Vault maps used:
D:1:      saegor_arrival_simple_f, lemuel_flame_loot_1
D:2:      lemuel_blue_sif_altar, lemuel_doored_altar, lemuel_another_geyser,
          uniq_natasha
D:3:      minmay_lizard_king

Skill      XL: |  1  2  3  4  5 |
---------------+----------------+-----
Stealth        | 1 2 3 |  3.9
Crossbows      | 3 4 |  4.2
Fighting       | 2 3 |  3.2
Dodging        | |  2.4
Spellcasting   | |  1.1
Hexes          | |  3.0

Action                   |  1- 3 |  4- 6 || total
-------------------------+-------+-------++-------
Melee: Whip              |    19 |       ||    19
 Fire: Hand crossbow     |    58 |    84 ||   142
 Cast: Corona            |    23 |    41 ||    64
  Use: Scroll            |     3 |     4 ||     7
       Potion            |       |     3 ||     3
  Eat: Chunk             |    10 |     5 ||    15
Armor: Robe              |     9 |     2 ||    11
Dodge: Dodged            |    39 |    39 ||    78

Table legend:
 A = Turns spent in this place as a percentage of turns spent in the entire game.
 B = Non-inter-level travel turns spent in this place as a percentage of non-inter-level travel turns spent in the entire game.
 C = Inter-level travel turns spent in this place as a percentage of turns spent in this place.
 D = Turns resting spent in this place as a percentage of non-inter-level travel turns spent in this place.
 E = Turns spent auto-exploring this place as a percentage of non-inter-level travel turns spent in this place.
 F = Non-inter-level travel turns spent in this place divided by the number of levels of this place that you've seen.
                   A       B       C       D       E      F
               +-------+-------+-------+-------+-------+----------------------
         Total | 100.0 | 100.0 |   0.3 |   1.5 |   3.7 | 401.3
       Dungeon | 100.0 | 100.0 |   0.3 |   1.5 |   3.7 | 401.3
               +-------+-------+-------+-------+-------+----------------------

Vault maps used:
D:1:      saegor_arrival_simple_f, lemuel_flame_loot_1
D:2:      lemuel_blue_sif_altar, lemuel_doored_altar, lemuel_another_geyser,
          uniq_natasha
D:3:      minmay_lizard_king
